 Dungeon Crawl Stone Soup version 0.30-a0-743-gbfdf073431 (webtiles) character file.

Game seed: 9581890995411622276

264 Bnni the Skirmisher (level 5, 0/23 (32) HPs)
             Began as a Deep Elf Hunter on Feb 6, 2023.
             Slain by Edmund
             ... wielding a +3 flail of draining
              (1 damage)
             ... on level 4 of the Dungeon.
             The game lasted 00:03:20 (2747 turns).

Bnni the Skirmisher (Deep Elf Hunter)               Turns: 2747, Time: 00:03:20

HP:   0/23 (32)     AC:  5    Str:  8    XL:     5   Next: 98%
MP:   7/7           EV: 12    Int: 14    God:
Gold: 85            SH:  0    Dex: 20    Spells: 4/4 levels left

rFire   + . .      SeeInvis .    a - +0 shortbow
rCold   . . .      Faith    .    (shield currently unavailable)
rNeg    . . .      Spirit   .    c - +0 leather armour
rPois   .          Reflect  .    j - +0 helmet
rElec   .          Harm     .    (no cloak)
rCorr   .          Rampage  .    (no gloves)
Will    .....                    o - +0 pair of boots
Stlth   ++                       (no amulet)
HPRegen 0.23/turn                n - ring of protection from fire
MPRegen 0.10/turn                (no ring)

@: very heavily drained
A: no striking features
a: no special abilities


You were on level 4 of the Dungeon.
You visited 1 branch of the dungeon, and saw 4 of its levels.

You collected 85 gold pieces.

Inventory:

Hand Weapons
 a - a +0 shortbow (weapon)
Armour
 c - a +0 leather armour (worn)
 j - a +0 helmet (worn)
 o - a +0 pair of boots (worn)
Jewellery
 n - a ring of protection from fire (left hand)
Wands
 r - a wand of digging (4)
Scrolls
 b - 2 scrolls of immolation
 d - a scroll of amnesia {unknown}
 e - a scroll of noise {unknown}
 f - 3 scrolls of identify {unknown}
 g - 2 scrolls of fog {unknown}
 i - a scroll of summoning {unknown}
 k - a scroll of vulnerability {unknown}
 q - a scroll of magic mapping {unknown}
 s - a scroll of blinking {unknown}
Potions
 h - 2 potions of curing {unknown}
 l - 2 potions of mutation {unknown}
 m - 3 potions of heal wounds {unknown}
 p - 2 potions of attraction {unknown}


   Skills:
 + Level 3.2 Fighting
 * Level 8.4 Ranged Weapons
 - Level 2.4 Dodging
 - Level 1.2 Stealth


You had 4 spell levels left.
You didn't know any spells.
Your spell library was empty.

Dungeon Overview and Level Annotations

Branches:
Dungeon (4/15)
 Temple: D:4-7

Altars:

Annotations:
D:3 1 runed translucent door
D:4 Edmund


Message History

Edmund closely misses you.
You shoot an arrow. The arrow hits Edmund!
Edmund is heavily wounded.
Edmund hits you with a +3 flail of draining.
You feel drained.
You shoot an arrow.
The arrow hits Edmund but does no damage.
Edmund is heavily wounded.
Edmund hits you but does no damage.
You feel drained.
You shoot an arrow. The arrow completely misses Edmund.
The arrow hits the ball python.
You kill the ball python!
Edmund hits you with a +3 flail of draining.
You feel drained.
You shoot an arrow. The arrow closely misses Edmund.
Edmund barely misses you.
A giant cockroach comes into view.
You shoot an arrow.
The arrow hits Edmund but does no damage.
Edmund is heavily wounded.
Edmund hits you with a +3 flail of draining!
You feel drained.
You are too injured to fight recklessly!
You are too injured to fight recklessly!
You shoot an arrow. The arrow barely misses Edmund.
The giant cockroach bites you but does no damage.
Edmund hits you with a +3 flail of draining.
* * * LOW HITPOINT WARNING * * *
You feel drained.
You shoot an arrow.
The arrow hits Edmund but does no damage.
Edmund is heavily wounded.
The giant cockroach misses you. Edmund closely misses you.
The giant cockroach misses you. Edmund hits you but does no damage.
You feel drained.
You shoot an arrow. The arrow barely misses Edmund.
The giant cockroach closely misses you.
Edmund hits you with a +3 flail of draining.
* * * LOW HITPOINT WARNING * * *
You feel drained.
You die...

######## ###
#......# ...
#......# #.###
#......##.....
#.............
#.....<....#
#.....B#.#....
#.....@# # #
#.....@#
######(# #(#
#(# .(. ...
.(.


You could see Edmund (very poisoned) and a giant cockroach.

Vanquished Creatures
  A scorpion (D:3)
  The ghost of Vildbasse the Shooter, a weakling MiHu (D:3)
  An orc wizard (D:3)
  Robin (D:3)
  4 adders
  3 worms
  A dart slug (D:2)
  2 orcs (D:3)
  6 ball pythons
  4 bats
  5 endoplasms
  2 giant cockroaches
  11 goblins
  12 hobgoblins
  3 quokkas
  3 frilled lizards
  5 kobolds
  8 rats
73 creatures vanquished.

Notes
Turn   | Place    | Note
-------+----------+-------------------------------------------
     0 | D:1      | Bnni the Deep Elf Hunter began the quest for the Orb.
     0 | D:1      | Reached XP level 1. HP: 12/12 MP: 3/3
   150 | D:1      | Reached XP level 2. HP: 17/17 MP: 4/4
   519 | D:1      | Reached skill level 6 in Ranged Weapons
   937 | D:2      | Reached XP level 3. HP: 21/21 MP: 5/5
  1428 | D:3      | Reached XP level 4. HP: 27/27 MP: 6/6
  1432 | D:3      | Reached skill level 7 in Ranged Weapons
  1601 | D:3      | Noticed a scorpion
  1604 | D:3      | Noticed Robin
  1752 | D:3      | Found a runed translucent door.
  1840 | D:3      | Noticed Vildbasse's ghost (weakling MiHu)
  1915 | D:3      | Found a runed translucent door.
  2198 | D:3      | Killed a scorpion
  2199 | D:3      | Reached XP level 5. HP: 5/32 MP: 7/7
  2353 | D:3      | Reached skill level 8 in Ranged Weapons
  2357 | D:3      | Killed Robin
  2576 | D:3      | Killed Vildbasse's ghost
  2732 | D:4      | Noticed Edmund
  2747 | D:4      | HP: 1/24 [Edmund/+3 flail of draining (6)]
  2747 | D:4      | Slain by Edmund

Illustrated notes

Levels and vault maps discovered:
D:1:      lemuel_arrival_broad_hall, layout_basic, hangedman_decor_riveting
D:2:      layout_rooms
D:3:      layout_loops_corners, serial_glass, glass_columns_a, glass_columns_a,
          ebering_ghost_sewer_f, uniq_robin
D:4:      layout_basic, hangedman_decor_push, minmay_strange_pillars,
          uniq_edmund

Skill      XL: |  1  2  3  4  5 |
---------------+----------------+-----
Ranged Weapons | 6 7 8 |  8.4
Fighting       | 2 3 |  3.2
Dodging        | |  2.4
Stealth        | |  1.2

Action                     |  1- 3 |  4- 6 || total
---------------------------+-------+-------++-------
   Fire: Shortbow          |    91 |   108 ||   199
  Throw: Dart              |       |     6 ||     6
    Use: Potion            |       |     1 ||     1
 Armour: Leather armour    |     5 |    19 ||    24
  Dodge: Dodged            |    13 |    45 ||    58

Table legend: (Time is in decaauts)
 A = Elapsed time spent in this place.
 B = Non-inter-level travel time spent in this place.
 C = Inter-level travel time spent in this place.
 D = Time resting spent in this place.
 E = Time spent auto-exploring this place.
 F = Levels seen in this place.
 G = Mean time per level.
                   A        B        C        D        E       F      G
               +--------+--------+--------+--------+--------+-----+--------+
         Total |   2773 |   2637 |    136 |    199 |   2002 |   4 |  693.2 |
       Dungeon |   2773 |   2637 |    136 |    199 |   2002 |   4 |  693.2 |
               +--------+--------+--------+--------+--------+-----+--------+

Top non-repeatable levels by time:
     D:3: 1372 daAuts
     D:1: 808 daAuts
     D:2: 574 daAuts
     D:4: 17 daAuts
